 Dungeon Crawl Stone Soup version 0.28.0-45-g0d030f2227 (webtiles) character file.

Game seed: 12529404227102134010

22 Icepheonix32 the Skirmisher (level 2, -7/24 HPs)
             Began as a Demonspawn Fighter on Apr 12, 2022.
             Mangled by Terence
             ... wielding a +1 flail of protection
              (11 damage)
             ... on level 2 of the Dungeon.
             The game lasted 00:00:42 (568 turns).

Icepheonix32 the Skirmisher (Demonspawn Fighter)     Turns: 568, Time: 00:00:43

Health: -7/24      AC:  8    Str: 16    XL:     2   Next: 68%
Magic:  2/2        EV:  9    Int:  9    God:
Gold:   63         SH:  4    Dex: 12    Spells: 1/1 levels left

rFire   . . .      SeeInvis .   a - +0 war axe
rCold   . . .      Faith    .   c - +0 buckler
rNeg    . . .      Spirit   .   b - +0 scale mail
rPois   .          Reflect  .   (no helmet)
rElec   .          Harm     .   (no cloak)
rCorr   .          Rampage  .   (no gloves)
Will    .....                   (no boots)
Stlth   ..........              f - amulet of regeneration
HPRegen 0.88/turn               (no ring)
MPRegen 0.08/turn               (no ring)

@: mighty
A: yellow scales 1
a: no special abilities


You were on level 2 of the Dungeon.
You visited 1 branch of the dungeon, and saw 2 of its levels.

You collected 63 gold pieces.

Inventory:

Hand Weapons
 a - a +0 war axe (weapon)
Armour
 b - a +0 scale mail (worn)
 c - a +0 buckler (worn)
Jewellery
 f - an amulet of regeneration (around neck)
 l - an amulet of guardian spirit
Scrolls
 e - 2 scrolls of magic mapping {unknown}
 g - a scroll of teleportation {unknown}
 h - a scroll of identify {unknown}
 k - a scroll of immolation {unknown}
Potions
 i - a potion of ambrosia {unknown}
 j - a potion of heal wounds {unknown}


   Skills:
 + Level 3.2 Fighting
 * Level 2.2 Axes
 + Level 2.8 Armour
 + Level 0.3 Dodging
 + Level 3.0 Shields


You had one spell level left.
You didn't know any spells.
Your spell library was empty.

Dungeon Overview and Level Annotations

Branches:
Dungeon (2/15)

Altars:

Annotations:
D:2 Terence


Innate Abilities, Weirdness & Mutations

You are partially covered in yellow scales. (AC +2)


Message History

Terence hits you with a +1 flail of protection.
You hit Terence but do no damage.
Terence hits you with a +1 flail of protection. x2
* * * LOW HITPOINT WARNING * * *
You are too injured to fight recklessly!
You are too injured to fight recklessly!
You are too injured to fight recklessly!
You are too injured to fight recklessly!
You are too injured to fight recklessly!
You are too injured to fight recklessly!
You are too injured to fight recklessly!
You are too injured to fight recklessly!
You are too injured to fight recklessly!
You are too injured to fight recklessly!
You are too injured to fight recklessly!
You are too injured to fight recklessly!
You are too injured to fight recklessly!
Unknown command.
You feel very mighty all of a sudden. You block Terence's attack.
You hit Terence but do no damage. Terence barely misses you.
You slash Terence!
Terence is severely wounded.
Terence hits you with a +1 flail of protection.
* * * LOW HITPOINT WARNING * * *
You barely miss Terence.
Terence is severely wounded.
Terence barely misses you. Terence screams, "I want your blood!"
Terence hits you with a +1 flail of protection.
* * * LOW HITPOINT WARNING * * *
Unknown command.
You hit Terence but do no damage.
Terence is severely wounded.
You block Terence's attack.
Unknown command.
You hit Terence but do no damage.
Terence is severely wounded.
Terence hits you with a +1 flail of protection!
You die...

#.##.#
#.###.###..#
#.##.#
#....## ##.#
#.##.#
#####>###.##
#.##.#
#.#.## .....
#...# ###.##
.######..#
.........#
.......@.#
≈P.###.@.#
⌠⌠ #...#
#...# #...#
###.# .# ##


You could see Terence.

Vanquished Creatures
  A worm (D:2)
  An endoplasm (D:1)
  2 hobgoblins (D:1)
  2 jackals (D:2)
  3 quokkas
  A ball python (D:2)
  2 bats (D:1)
  2 frilled lizards
  A goblin (D:2)
  3 kobolds (D:1)
18 creatures vanquished.

Vanquished Creatures (others)
  A plant (D:2)
1 creature vanquished.

Grand Total: 19 creatures vanquished

Notes
Turn   | Place    | Note
-------+----------+-------------------------------------------
     0 | D:1      | Icepheonix32 the Demonspawn Fighter began the quest for the
                  | Orb.
     0 | D:1      | Reached XP level 1. HP: 18/18 MP: 1/1
   228 | D:1      | Gained mutation: You are partially covered in yellow
                  | scales. (AC +2) [demonic ancestry]
   228 | D:1      | Reached XP level 2. HP: 16/24 MP: 2/2
   556 | D:2      | Noticed Terence
   568 | D:2      | Mangled by Terence

Illustrated notes

Levels and vault maps discovered:
D:1:      lightli_arrival_boilingwater, layout_rooms,
          chequers_serial_rivers_micro_b
D:2:      layout_loops_ring, shapermc_ecumenical_altar_mp_ritualfount,
          uniq_sigmund, uniq_terence, uniq_jessica

Skill      XL: |  1  2 |
---------------+-------+-----
Axes           | 2 |  2.2
Shields        | 3 |  3.0
Fighting       | |  3.2
Armour         | |  2.8
Dodging        | |  0.3

Action                   || total
-------------------------++-------
Melee: War axe           ||    67
  Use: Potion            ||     1
Armor: Scale mail        ||    24
Dodge: Dodged            ||    39
Block: Buckler           ||    16
